Map: Ukryte jaskinie

Players

Retsech

  • Race: Terran Terran

Gracz

  • Race: Terran Terran

SI 2 (Trudna) - Winner!

  • Race: Terran Terran

VOD

Have the link to the VOD?

Description

Time

  • Played on: Feb. 22, 2016, 8:55 a.m.
  • Length: 5:28
Show
View Real Time Build Order
Export as new Build Order

Retsech Terran 

Build Orders:  

Get SALT Encoding   

  12  0:10  SCV  
  13  0:22  SCV  
  14  0:34  SCV  
  14  0:35  Supply Depot  
  15  0:37  Refinery  
  15  0:39  Refinery  
  15  0:56  SCV  
  16  1:02  Supply Depot  
  16  1:05  Supply Depot  
  16  1:13  SCV  
  17  1:25  SCV  
  18  1:37  SCV  
  19  2:00  Barracks  
  19  2:22  SCV  
  20  2:34  Engineering Bay, SCV  
  21  2:41  Barracks  
  21  2:45  Supply Depot  
  21  2:46  SCV  
  22  2:52  Barracks Tech Lab  
  22  3:18  Barracks  
  22  3:40  Sensor Tower  
  22  3:41  Factory  
  22  3:42  Building Armor  
Show
View Real Time Build Order
Export as new Build Order

Gracz Terran 

Build Orders:  

Get SALT Encoding   

  12  0:00  SCV  
  13  0:13  SCV  
  14  0:18  Supply Depot  
  14  0:25  SCV  
  15  0:39  SCV  
  16  0:44  Barracks  
  16  0:50  Refinery  
  16  0:51  SCV  
  17  1:04  SCV  
  18  1:16  SCV  
  19  1:22  Supply Depot  
  19  1:28  SCV  
  19  1:32  Marine  
  21  1:42  Barracks, Orbital Command  
  21  1:49  Refinery  
  21  1:51  Barracks Tech Lab  
  21  2:05  Factory  
  21  2:09  Marine  
  22  2:18  Supply Depot  
  22  2:27  Marine  
  23  2:45  Marauder  
  23  2:50  Marine  
  26  2:54  Supply Depot  
  26  3:06  Marine  
  27  3:13  Marine  
  28  3:24  Supply Depot  
  28  3:25  Marauder  
  30  3:32  SCV  
  31  3:37  Hellion  
  33  3:44  Engineering Bay, SCV  
  34  3:56  SCV  
  34  3:58  Hellion  
  37  4:09  SCV  
  38  4:12  Supply Depot  
  38  4:19  Hellion  
  38  4:21  SCV  
  41  4:33  SCV  
  42  4:41  Hellion  
  44  5:02  Hellion  
Show
View Real Time Build Order
Export as new Build Order

SI 2 (Trudna) Terran - Winner!

Build Orders:  

Get SALT Encoding   

Tags
 
Add a new tag
Caveats
  • Supply blocks, unpowered buildings, or Contaminate may cause inaccurate times.
  • Supply counts are checked every 10 seconds.